AoeStats
← EXILS_FERNANDO

Fortress

510180118Analyzed
4v4 RM · 3d ago on Sep 29, 2026· 27m 53s· 8 players
Game mode
Random Map
Map size
Huge
Population
200
Speed
Normal
Resources
Standard
Victory
Conquest
Starting age
Dark Age
Ending age
Imperial Age
RankedLock teamsTeams togetherTeam positionsShared explorationLock speedFull tech treeHidden civsTurbo modeCheats
Victory
Defeat
🇮🇹 Cumans · Italy
1107
+18
🇺🇸 Magyars · United States
1096
+18
🇧🇴 Khmer · Bolivia
1080
+19
🇨🇦 Britons · Canada
1071
+19
🇨🇦 Spanish · Canada
1224
-22
🇭🇺 Ethiopians · Hungary
1182
-20
🇨🇦 Britons · Canada
1141
-18
🇨🇳 Franks · China
1044
-14
matt.rielly.lewis
8:01 Feudal Age
8:36 Double-Bit Axe
9:37 Horse Collar
12:07 Castle Age
10:23 Gold Mining
13:08 Wheelbarrow
13:18 Bow Saw
15:46 Fletching
17:39 Loom
17:20 Elite Skirmisher
19:16 Bodkin Arrow
19:24 Padded Archer Armor
20:36 Bloodlines
20:27 Husbandry
23:54 Ballistics
27:21 Imperial Age
26:21 Thumb Ring
27:40 Heavy Cavalry Archer
passami lo sdrogo
7:12 Loom
9:06 Feudal Age
10:24 Double-Bit Axe
11:08 Gold Mining
16:58 Castle Age
17:01 Capped Ram
18:42 Wheelbarrow
23:24 Bloodlines
24:26 Forging
24:22 Scale Barding Armor
24:37 Horse Collar
26:16 Stone Mining
EXILS_FERNANDO
8:47 Feudal Age
12:00 Castle Age
9:51 Horse Collar
10:05 Gold Mining
17:04 Imperial Age
14:50 Heavy Plow
17:14 Gold Shaft Mining
18:26 Crop Rotation
17:50 Double-Bit Axe
21:12 Chemistry
21:02 Town Watch
21:04 Loom
23:43 Fletching
26:27 Bodkin Arrow
28:24 Conscription
PlayerNbrOne
7:57 Feudal Age
12:05 Castle Age
11:25 Forging
11:15 Scale Mail Armor
11:30 Man-at-Arms
12:38 Gambesons
13:53 Long Swordsman
19:47 Loom
20:37 Wheelbarrow
25:44 Yeomen
26:44 Fletching
26:55 Padded Archer Armor
victor002
7:39 Feudal Age
12:45 Castle Age
10:37 Horse Collar
10:55 Double-Bit Axe
14:16 Bow Saw
14:09 Heavy Plow
13:57 Loom
20:15 Wheelbarrow
19:27 Town Watch
23:55 Fletching
23:31 Crossbowman
24:35 Gold Mining
Doppinger
6:57 Feudal Age
7:48 Horse Collar
8:56 Loom
11:38 Castle Age
10:43 Double-Bit Axe
12:14 Wheelbarrow
13:47 Wheelbarrow
14:16 Town Watch
14:44 Bow Saw
14:44 Heavy Plow
20:27 Fletching
22:02 Squires
22:38 Thumb Ring
21:59 Crossbowman
23:03 Ballistics
22:47 Elite Skirmisher
23:55 Bodkin Arrow
24:01 Padded Archer Armor
370885147
0:30 Loom
9:26 Feudal Age
13:18 Castle Age
11:24 Double-Bit Axe
13:27 Stone Mining
16:09 Bow Saw
17:02 Wheelbarrow
21:23 Hand Cart
22:16 Fortified Wall
elsuum_93
7:32 Feudal Age
11:14 Castle Age
11:59 Double-Bit Axe
11:55 Horse Collar
18:40 Wheelbarrow
18:30 Bow Saw
20:57 Scale Barding Armor
21:10 Bloodlines
25:04 Hand Cart
24:34 Town Watch
25:45 Chain Barding Armor
25:36 Forging
25:30 Husbandry
30:17 Imperial Age
Connection lost

Rejoining the realm…

Still unreachable

The connection could not be restored.

Session expired

The server has moved on; the page needs a fresh start.